Map: Blueshift LE

Players

Karico - Winner!

  • Race: Terran Terran
  • Spawn Location: 1:00

Mesrob

  • Race: Zerg Zerg
  • League: Gold
  • Spawn Location: 7:00

VOD

Have the link to the VOD?

Description

Time

  • Played on: Jan. 18, 2019, 7:05 p.m.
  • Length: 12:16
Show
View Real Time Build Order
Export as new Build Order

Karico Terran - Winner!

Build Orders: 2 Factory, Reaper Expand, Hellion Banshee, Mech 

Get SALT Encoding   

  12  0:01  SCV  
  13  0:17  Supply Depot, SCV  
  14  0:29  SCV  
  15  0:41  Barracks  
  15  0:45  Refinery, SCV  
  17  0:57  SCV  
  17  1:09  SCV  
  18  1:21  SCV  
  19  1:29  Reaper  
  20  1:33  Orbital Command  
  20  1:44  Command Center  
  20  1:51  Refinery  
  20  2:00  SCV  
  21  2:08  Factory  
  21  2:18  Supply Depot  
  21  2:20  SCV  
  22  2:26  Barracks Reactor  
  22  2:32  SCV  
  23  2:49  SCV  
  24  2:54  Hellion  
  24  2:55  Starport  
  27  2:59  Orbital Command  
  27  3:01  SCV  
  27  3:13  SCV  
  27  3:15  Engineering Bay  
  28  3:25  Factory, SCV  
  29  3:31  SCV  
  29  3:33  Marine  
  31  3:42  Supply Depot, SCV  
  31  3:46  SCV  
  31  3:47  Terran Infantry Weapons Level 1  
  33  3:50  Starport Tech Lab  
  33  3:54  SCV  
  34  3:58  SCV  
  34  4:01  Hellion x2  
  39  4:06  SCV  
  38  4:22  Hellion x2  
  42  4:27  Marine, SCV x2  
  42  4:37  Factory Tech Lab  
  42  4:38  Banshee  
  42  4:44  SCV  
  46  4:48  Marine, SCV  
  46  4:49  Hellion x2  
  46  4:50  Supply Depot  
  46  4:51  Supply Depot  
  52  4:56  SCV  
  53  5:00  Factory  
  53  5:01  SCV  
  54  5:12  SCV  
  54  5:13  SCV  
  56  5:19  Supply Depot  
  56  5:22  Command Center  
  56  5:24  SCV  
  56  5:25  SCV  
  56  5:28  Armory  
  58  5:30  Refinery  
  58  5:31  Missile Turret  
  58  5:34  Marine  
  57  5:54  Marine, SCV x2  
  57  5:56  Siege Tank  
  63  5:58  Factory Tech Lab  
  63  6:01  Starport  
  63  6:08  SCV  
  63  6:09  SCV  
  65  6:12  Marine  
  66  6:27  Hellion, Widow Mine, Siege Tank  
  66  6:28  Hellion  
  66  6:30  Marine  
  72  6:35  Orbital Command  
  72  6:36  SCV x2  
  72  6:39  Refinery  
  69  6:44  Terran Vehicle Weapons Level 1  
  69  6:48  Marine, Widow Mine, SCV  
  74  6:54  SCV  
  74  6:56  Hellion  
  74  6:59  Missile Turret  
  74  7:00  SCV  
  77  7:02  Siege Tank  
  77  7:05  Hellion  
  77  7:06  Starport Tech Lab, SCV  
  83  7:10  Hellion  
  83  7:12  SCV  
  86  7:18  Orbital Command, SCV  
  87  7:24  SCV  
  87  7:26  Siege Tank  
  87  7:28  Supply Depot  
  91  7:30  SCV  
  91  7:31  Supply Depot  
  91  7:37  SCV  
  93  7:38  Infernal Pre-Igniter  
  93  7:48  Command Center  
  93  7:50  Hellbat, Siege Tank, SCV x2  
  100  7:52  Banshee  
  100  7:53  SCV  
  104  8:02  Siege Tank, SCV x2  
  109  8:08  Supply Depot  
  109  8:17  Refinery  
  109  8:19  Refinery  
  109  8:25  Supply Depot x3  
  109  8:30  SCV x3, Armory  
  112  8:37  Supply Depot, Banshee  
  112  8:39  Missile Turret  
  115  8:42  SCV x2  
  115  8:46  Hellion x2, Siege Tank, SCV  
  115  8:47  Viking  
  127  8:54  SCV  
  128  9:00  Terran Vehicle Weapons Level 2  
  128  9:03  SCV x2  
  130  9:10  SCV  
  130  9:11  Marine  
  130  9:12  Supply Depot  
  130  9:13  Cyclone  
  130  9:15  SCV  
  136  9:17  Viking  
  136  9:18  Siege Tank  
  136  9:23  Command Center  
  141  9:24  Orbital Command  
  141  9:29  Marine, Mag-Field Accelerator  
  142  9:35  Supply Depot  
  142  9:49  Cyclone  
  142  9:50  Cyclone  
  142  9:51  SCV  
  142  9:52  Viking x2  
  153  9:56  SCV x2  
  155  10:11  SCV x2  
  155  10:13  Command Center  
  157  10:22  Viking  
  159  10:32  Orbital Command  
  159  10:33  Viking  
  161  10:42  Siege Tank  
  164  10:43  Missile Turret, Thor  
  164  10:45  Orbital Command  
  170  10:50  Factory  
  170  10:52  Viking  
  170  10:56  SCV x2  
  170  10:57  SCV  
  175  11:03  Viking  
  177  11:12  Hellion  
  177  11:13  Hellion  
  177  11:15  Hellion  
  183  11:22  Viking  
  171  11:33  Viking  
  171  11:35  Planetary Fortress  
  171  11:38  Siege Tank x2  
  171  11:39  Hellion  
Show
View Real Time Build Order
Export as new Build Order

Mesrob Zerg 

Build Orders: Pool First 

Get SALT Encoding   

  12  0:01  Drone  
  13  0:09  Drone  
  14  0:16  Overlord  
  14  0:24  Overlord  
  14  0:32  Extractor  
  13  0:45  Spawning Pool  
  12  0:55  Drone  
  13  1:15  Hatchery  
  13  1:18  Drone  
  13  1:22  Drone  
  15  1:32  Drone  
  15  1:38  Drone  
  16  1:48  Drone  
  17  1:56  Drone  
  17  1:58  Queen  
  20  2:10  Drone  
  21  2:15  Zergling x2  
  22  2:27  Zergling x2  
  23  2:35  Metabolic Boost  
  23  2:40  Zergling x2  
  23  2:54  Queen  
  23  2:57  Drone  
  26  2:58  Drone  
  26  2:59  Drone  
  26  3:01  Drone  
  26  3:02  Drone  
  30  3:24  Extractor  
  29  3:30  Roach Warren  
  28  3:44  Drone x3  
  28  3:46  Drone x3  
  34  3:57  Drone  
  35  4:08  Drone  
  34  4:40  Roach  
  34  4:42  Overlord  
  34  4:45  Overlord  
  36  4:46  Hatchery  
  35  4:55  Drone  
  35  4:59  Overlord x3  
  36  5:00  Overlord  
  36  5:32  Drone x4  
  36  5:35  Drone  
  41  5:36  Drone x5  
  46  5:47  Roach  
  40  6:00  Roach x3  
  40  6:04  Roach x4  
  52  6:11  Spore Crawler  
  42  6:34  Queen  
  44  6:45  Drone x3  
  47  6:47  Drone x3  
  47  6:48  Drone  
  51  6:59  Drone  
  51  7:00  Queen  
  54  7:06  Drone x2  
  54  7:07  Drone  
  57  7:10  Queen  
  57  7:13  Spore Crawler  
  57  7:14  Drone x2  
  60  7:18  Extractor  
  59  7:23  Extractor  
  58  7:33  Drone  
  58  7:34  Drone x2  
  58  7:35  Drone  
  62  7:40  Zergling x4  
  62  7:42  Roach  
  66  8:28  Drone x5  
  71  8:46  Hatchery  
  70  8:52  Lair  
  70  9:07  Spine Crawler  
  70  9:08  Spine Crawler  
  68  9:29  Drone  
  68  9:30  Drone x2  
  71  9:33  Drone x3  
  74  9:39  Extractor  
  74  9:42  Extractor  
  72  9:55  Roach x4  
  72  9:56  Roach  
  80  10:25  Zergling x2  
  80  10:26  Zergling x2, Roach x4  
  90  10:29  Roach x2  
  90  10:30  Roach  
  90  10:35  Overlord x3  
  96  10:36  Overlord x2  
  97  10:57  Drone x3  
  99  11:17  Hydralisk Den  
  59  11:34  Roach x5  
  59  11:35  Roach  
  59  11:39  Roach x7  
  85  11:40  Roach x2  
  85  11:42  Roach x6  
  85  11:43  Roach x2  
Tags
 
Add a new tag
Caveats
  • Supply blocks, unpowered buildings, or Contaminate may cause inaccurate times.
  • Supply counts are checked every 10 seconds.